 Dungeon Crawl Stone Soup version 0.32-a0-700-g9bfe03f (webtiles) character file.

Game seed: 17944717352027947081

22 Toastz the Vexing (level 2, -1/19 HPs)
             Began as a Vampire Enchanter on Mar 13, 2024.
             Slain by Terence
             ... wielding a +0 flail
              (5 damage)
             ... on level 2 of the Dungeon.
             The game lasted 00:02:17 (664 turns).

Toastz the Vexing (Vampire Enchanter)                Turns: 664, Time: 00:02:18

Health: -1/19      AC:  2    Str:  7    XL:     2   Next: 68%
Magic:  1/5        EV: 11    Int: 17    God:
Gold:   56         SH:  0    Dex: 14    Spells: 3/5 levels left

rFire   . . .        a - +1 dagger
rCold   . . .        (no shield)
rNeg    . . .        b - +0 robe
rPois   .            (no helmet)
rElec   .            (no cloak)
rCorr   .            (no gloves)
SInv    +            (no boots)
Will    .....        (no amulet)
Stlth   +++          (no ring)
HPRegen 0.43/turn    (no ring)
MPRegen 0.09/turn

%: no passive effects
@: very slightly contaminated, healing quickly, invisible
A: alive, fangs 3, see invisible, vampiric 1
a: Exsanguinate


You were on level 2 of the Dungeon.
You visited 1 branch of the dungeon, and saw 2 of its levels.

You collected 73 gold pieces.
You spent 17 gold pieces at shops.

Inventory:

Hand Weapons
 a - a +1 dagger (weapon)
Armour
 b - a +0 robe (worn)
 e - a +0 buckler
Scrolls
 d - a scroll of revelation {unknown}
 h - a scroll of summoning
Potions
 c - a potion of invisibility
 f - a potion of curing
 g - a potion of lignification {unknown}


   Skills:
 + Level 1.5 Short Blades
 + Level 2.5 Dodging
 + Level 4.7 Stealth
 - Level 2.0 Spellcasting
 * Level 5.0 Hexes
 + Level 0.6 Ice Magic


You had 3 spell levels left.
You knew the following spells:

 Your Spells              Type           Power      Damage    Failure   Level
a - Ensorcelled Hibernat  Hex/Ice        22%        N/A       10%         2

Your spell library contained the following spells:

 Spells                   Type           Power      Damage    Failure   Level
 Confusing Touch          Hex            18%        N/A       8%          3
 Tukima's Dance           Hex            18%        N/A       8%          3
 Dazzling Flash           Conj/Hex       20%        N/A       21%         3


Dungeon Overview and Level Annotations

Branches:
Dungeon (2/15)

Altars:

Shops:
D:1 *(:((

Annotations:
D:2 Terence


Innate Abilities, Weirdness & Mutations

Your natural rate of healing is accelerated.
You have razor-sharp teeth.
You have supernaturally acute eyesight. (SInv)
You are afflicted with vampirism.


Message History

e - a +0 buckler
There is a stone staircase leading down here.
You climb downwards.
Found 7 stones.
There is a stone staircase leading up here.
An adder is nearby!
Terence the Incautious comes into view.
He is wielding a +0 flail.
The helpless adder fails to defend itself.
You puncture the adder!
You kill the adder!
Your Hexes skill increases to level 5!
Terence shouts!
You hit Terence but do no damage. Terence barely misses you.
Casting: Ensorcelled Hibernation (safe; 10% risk of failure)
Confirm with . or Enter, or press ? or * to list all spells.
Aiming: Ensorcelled Hibernation (safe; 10% risk of failure)
Press: ? - help, Shift-Dir - straight line, f - Terence
Aim: Terence, wielding a +0 flail and wearing a +0 scale mail (chance to affect: 53%)
You miscast Ensorcelled Hibernation.
You are very lightly contaminated with residual magic.
Nothing appears to happen.
Terence hits you with a +0 flail!
Ouch! That really hurt!
Casting: Ensorcelled Hibernation (safe; 10% risk of failure)
Confirm with . or Enter, or press ? or * to list all spells.
Aiming: Ensorcelled Hibernation (safe; 10% risk of failure)
Press: ? - help, Shift-Dir - straight line, f/p - Terence
Aim: Terence, wielding a +0 flail and wearing a +0 scale mail (chance to affect: 53%) Terence resists with significant effort.
Terence hits you with a +0 flail!
* * * LOW HITPOINT WARNING * * *
Okay, then.
You fade into invisibility!
Terence closely misses you.
You hit Terence but do no damage. Terence closely misses you.
You hit Terence but do no damage. Terence closely misses you.
You hit Terence.
Terence is lightly wounded.
Terence hits you with a +0 flail.
You die...
Terence says, "Time to find some more victims."

#
##.#####
#...<.(#
#.....#@#
#...#.#@#
#.....#.#
#..#..#.#
#..#..#.#
#. .....#
## #.####


You could see Terence (unable to see you).

Vanquished Creatures
  An adder (D:2)
  A dart slug (D:1)
  2 ball pythons (D:1)
  An endoplasm (D:1)
  2 giant cockroaches (D:1)
  A goblin (D:1)
  3 kobolds (D:1)
  A rat (D:1)
12 creatures vanquished.

Notes
Turn   | Place    | Note
-------+----------+-------------------------------------------
     0 | D:1      | Toastz the Vampire Enchanter began the quest for the Orb.
     0 | D:1      | Reached XP level 1. HP: 13/13 MP: 3/3
    24 | D:1      | Found Ydeyxam's Antique Weapon Emporium.
    42 | D:1      | Found Ojarim's Antique Weapon Shop.
   148 | D:1      | Found Onear's Book Emporium.
   162 | D:1      | Found Vadik's Antique Weapon Shop.
   214 | D:1      | Reached XP level 2. HP: 15/19 MP: 5/5
   217 | D:1      | Learned a level 2 spell: Ensorcelled Hibernation
   337 | D:1      | Found Amepon's Assorted Antiques.
   385 | D:1      | Bought a scroll labelled ESONWO NUCO for 17 gold pieces
   655 | D:2      | Noticed Terence
   657 | D:2      | Reached skill level 5 in Hexes
   664 | D:2      | Slain by Terence

Illustrated notes

Levels and vault maps discovered:
D:1:      amcnicky_arrival_abandoned_market, layout_basic, serial_shops, shop,
          nicolae_shop_tiny_glass, shop, nicolae_shop_tiny_statue_garden, shop
D:2:      layout_loops_cross, minmay_misc_feat_rows, wad_woods_river_04,
          uniq_terence

Skill      XL: |  1  2 |
---------------+-------+-----
Hexes          | 5 |  5.0
Short Blades   | |  1.5
Dodging        | |  2.5
Stealth        | |  4.7
Spellcasting   | |  2.0
Ice Magic      | |  0.6

Action                     || total
---------------------------++-------
  Melee: Dagger            ||    23
         Bite              ||     1
   Cast: Ensorcelled Hiber ||     1
    Use: Scroll            ||     3
         Potion            ||     1
   Stab: Sleeping          ||     6
 Armour: Robe              ||    11
  Dodge: Dodged            ||     9

Table legend: (Time is in decaauts)
 A = Elapsed time spent in this place.
 B = Non-inter-level travel time spent in this place.
 C = Inter-level travel time spent in this place.
 D = Time resting spent in this place.
 E = Time spent auto-exploring this place.
 F = Levels seen in this place.
 G = Mean time per level.
                   A        B        C        D        E       F      G
               +--------+--------+--------+--------+--------+-----+--------+
         Total |    662 |    619 |     43 |      0 |    511 |   2 |  331.0 |
       Dungeon |    662 |    619 |     43 |      0 |    511 |   2 |  331.0 |
               +--------+--------+--------+--------+--------+-----+--------+

Top non-repeatable levels by time:
     D:1: 653 daAuts
     D:2: 9 daAuts
